 Dungeon Crawl Stone Soup version 0.30-a0-12-gd8047c6341 (console) character file.

Game seed: 15397756020125765695

57 odiv the Changer (level 3, -1/26 HPs)
             Began as a Demonspawn Wanderer on Aug 24, 2022.
             Slain by a gnoll
             ... wielding a +0 halberd
              (6 damage)
             ... on level 2 of the Dungeon.
             The game lasted 00:05:46 (1889 turns).

odiv the Changer (Demonspawn Wanderer)              Turns: 1889, Time: 00:05:46

Health: -1/26      AC:  7    Str: 12    XL:     3   Next: 73%
Magic:  4/4        EV: 10    Int: 15    God:
Gold:   57         SH:  4    Dex: 12    Spells: 0/4 levels left

rFire   . . .      SeeInvis .    a - +0 whip (venom)
rCold   . . .      Faith    .    b - +0 buckler
rNeg    . . .      Spirit   .    d - +0 robe
rPois   .          Reflect  .    j - +1 helmet
rElec   .          Harm     .    (no cloak)
rCorr   .          Rampage  .    k - +0 pair of gloves
Will    .....                    (no boots)
Stlth   ++........               (no amulet)
HPRegen 0.08/turn                (no ring)
MPRegen 0.09/turn                (no ring)

@: no status effects
A: thin metallic scales 1, foul stench 1
a: no special abilities


You were on level 2 of the Dungeon.
You visited 1 branch of the dungeon, and saw 2 of its levels.

You collected 57 gold pieces.

Inventory:

Hand Weapons
 a - a +0 whip of venom (weapon)
 m - a +0 flail
 n - a +0 mace
Missiles
 s - 3 poisoned darts
 t - 6 atropa-tipped darts
Armour
 b - a +0 buckler (worn)
 d - a +0 robe (worn)
 j - a +1 helmet (worn)
 k - a +0 pair of gloves (worn)
Magical Staves
 f - a staff of fire
Scrolls
 c - a scroll of blinking
 h - a scroll of enchant weapon {unknown}
 i - 5 scrolls of teleportation {unknown}
 l - a scroll of amnesia {unknown}
 o - a scroll of noise {unknown}
 p - a scroll of immolation {unknown}
Potions
 e - a potion of curing
 g - a potion of brilliance {unknown}
 q - a potion of might {unknown}
 r - a potion of berserk rage {unknown}


   Skills:
 - Level 1.0 Fighting
 - Level 1.0 Throwing
 - Level 1.0 Stealth
 + Level 2.4 Shields
 - Level 1.0 Spellcasting
 + Level 3.6 Transmutations
 + Level 2.3 Poison Magic
 - Level 1.2 Invocations


You couldn't memorise any spells.
You knew the following spells:

 Your Spells              Type           Power      Damage    Failure   Level
a - Sting                 Tmut/Pois      36%        1d4       10%         1
b - Spider Form           Tmut/Pois      9%         N/A       28%         3

Your spell library contained the following spells:

 Spells                   Type           Power      Damage    Failure   Level
 Petrify                  Tmut/Erth      6%         N/A       83%         4


Dungeon Overview and Level Annotations

Branches:
Dungeon (2/15)

Altars:


Innate Abilities, Weirdness & Mutations

You are partially covered in thin metallic scales. (AC +2)
You may rarely emit foul miasma when damaged in melee.


Message History

Found a dagger.
This spell is extremely dangerous to cast!
Memorise Spider Form, consuming 3 spell levels and leaving 0?
You start memorising the spell.
You continue memorising. x3
You finish memorising.
Spell assigned to 'b'.
Found a stone staircase leading down.
You see here a +0 dagger.
A goblin comes into view. It is wielding a +0 club.
The goblin shouts!
Casting: Sting (safe; 10% risk of failure)
Confirm with . or Enter, or press ? or * to list all spells.
Aiming: Sting (safe; 10% risk of failure)
Press: ? - help, Shift-Dir - straight line, f - goblin
Aim: a goblin, wielding a +0 club (60% to hit)
The sting hits the goblin.
The goblin is poisoned.
The goblin is moderately wounded.
You kill the goblin!
Found a leather armour.
As you open the large door, it creaks loudly! 4 gnolls come into view.
The gnoll shouts! x3
You hit the gnoll.
The gnoll is poisoned.
The gnoll is lightly wounded.
The gnoll hits you from afar with a +0 halberd.
You hit the gnoll.
The gnoll is moderately wounded.
The gnoll hits you from afar with a +0 halberd.
The gnoll completely misses you. You block the gnoll's attack.
A ball python comes into view.
The gnoll barely misses you. The gnoll hits you but does no damage.
You hit the gnoll.
The gnoll is severely wounded.
The gnoll closely misses you. The gnoll hits you with a +0 flail.
The gnoll hits you from afar with a +0 halberd!
The gnoll hits you from afar with a +0 halberd.
* * * LOW HITPOINT WARNING * * *
You block the gnoll's attack.
The gnoll hits you from afar with a +0 halberd.
You die...

########## #......... ###
#######......... .
....####..........#### ...
................@.###.....
..####....###...g.g...#
..............####g'###
..###........## .g...
#..#....### .g......
####.###...# ..........#
..........## ............
####.##..## S............
###.#...# ..............


You could see 4 gnolls.

Vanquished Creatures
  A gnoll (D:1)
  An adder (D:2)
  2 dart slugs
  3 orcs (D:1)
  3 endoplasms (D:1)
  4 goblins
  A hobgoblin (D:2)
  4 kobolds
  7 ball pythons
  A bat (D:2)
  2 frilled lizards (D:2)
  4 rats (D:1)
33 creatures vanquished.

Notes
Turn   | Place    | Note
-------+----------+-------------------------------------------
     0 | D:1      | odiv the Demonspawn Wanderer began the quest for the Orb.
     0 | D:1      | odiv set off with the following items: a +0 club, a +0
                  | buckler, a scroll of blinking, a +0 robe, a potion of
                  | curing; and the following spell memorised: Sting; and the
                  | following spells available to memorise: Spider Form,
                  | Petrify.
     0 | D:1      | Reached XP level 1. HP: 15/15 MP: 2/2
   275 | D:1      | Reached skill level 1 in Poison Magic
   275 | D:1      | Gained mutation: You may rarely emit foul miasma when
                  | damaged in melee. [demonic ancestry]
   275 | D:1      | Reached XP level 2. HP: 21/21 MP: 1/3
   914 | D:1      | Found a faded altar of an unknown god.
  1227 | D:1      | Gained mutation: You are partially covered in thin metallic
                  | scales. (AC +2) [demonic ancestry]
  1227 | D:1      | Reached XP level 3. HP: 20/26 MP: 1/4
  1830 | D:2      | Learned a level 3 spell: Spider Form
  1889 | D:2      | Slain by a gnoll

Illustrated notes

Levels and vault maps discovered:
D:1:      onia_arrival_handbag, layout_loops_corners,
          hellmonk_ecumenical_altar_crossroads, serial_forest,
          infiniplex_forest_corner_1, infiniplex_forest_clump_small,
          infiniplex_forest_lined_2, infiniplex_forest_straight_3,
          infiniplex_forest_lined_room_3, infiniplex_forest_clump_small,
          hangedman_decor_peaks_small, minmay_misc_feat_doors
D:2:      kennysheep_big_flooded_room, layout_rooms, basic_altar

Skill      XL: |  1  2  3 |
---------------+----------+-----
Poison Magic   | 1 2 |  2.3
Shields        | 2 |  2.4
Fighting       | |  1.0
Throwing       | |  1.0
Stealth        | |  1.0
Spellcasting   | |  1.0
Transmutations | |  3.6
Invocations    | |  1.2

Action                   || total
-------------------------++-------
Melee: Club              ||    13
       Whip              ||    52
 Cast: Sting             ||    28
 Stab: Sleeping          ||     2
Armor: Robe              ||    22
Dodge: Dodged            ||    49
Block: Buckler           ||    15

Table legend: (Time is in decaauts)
 A = Elapsed time spent in this place.
 B = Non-inter-level travel time spent in this place.
 C = Inter-level travel time spent in this place.
 D = Time resting spent in this place.
 E = Time spent auto-exploring this place.
 F = Levels seen in this place.
 G = Mean time per level.
                   A        B        C        D        E       F      G
               +--------+--------+--------+--------+--------+-----+--------+
         Total |   1904 |   1826 |     78 |    436 |   1035 |   2 |  952.0 |
       Dungeon |   1904 |   1826 |     78 |    436 |   1035 |   2 |  952.0 |
               +--------+--------+--------+--------+--------+-----+--------+

Top non-repeatable levels by time:
     D:1: 1497 daAuts
     D:2: 406 daAuts
